 Dungeon Crawl Stone Soup version 0.22-a0-231-g1b571ea (webtiles) character file.

66 Azzok the Shooter (level 3, -2/22 HPs)
             Began as a Deep Elf Hunter on Feb 20, 2018.
             Killed from afar by a white imp (12 damage)
             ... with a puff of frost
             ... summoned by Natasha
             ... on level 2 of the Dungeon.
             The game lasted 00:02:39 (1975 turns).

Azzok the Shooter (Deep Elf Hunter)                 Turns: 1975, Time: 00:02:40

Health: -2/22      AC:  5    Str:  9    XL:     3   Next: 96%
Magic:  5/5        EV: 11    Int: 16    God:
Gold:   62         SH:  0    Dex: 15    Spells: 2/2 levels left

rFire    . . .     SeeInvis .   b - +2 dagger (elec)
rCold    . . .     Gourm    .   (no shield)
rNeg     . . .     Faith    .   l - +0 ring mail
rPois    .         Spirit   .   (no helmet)
rElec    .         Reflect  .   (no cloak)
rCorr    .         Harm     .   (no gloves)
MR       .....                  (no boots)
Stlth    +.........             (no amulet)
HPRegen  0.07/turn              (no ring)
MPRegen  0.09/turn              (no ring)

@: no status effects
A: no striking features
a: no special abilities


You were on level 2 of the Dungeon.
You were not hungry.

You visited 1 branch of the dungeon, and saw 2 of its levels.

You collected 62 gold pieces.

Inventory:

Hand Weapons
 a - a +1 shortbow
 b - a +2 dagger of electrocution (weapon)
Missiles
 d - 35 arrows
Armour
 l - a +0 ring mail (worn)
Scrolls
 e - a scroll of enchant weapon {unknown}
 j - 4 scrolls of identify {unknown}
 k - a scroll of random uselessness {unknown}
 n - a scroll of magic mapping {unknown}
 o - a scroll of remove curse {unknown}
Potions
 c - 4 potions of curing {unknown}
 g - a potion of degeneration {unknown}
 h - a potion of brilliance {unknown}
 i - a potion of lignification {unknown}
 m - 3 potions of agility {unknown}
 q - a potion of heal wounds {unknown}
Comestibles
 f - a ration
 p - 3 chunks of flesh


   Skills:
 + Level 2.7 Fighting
 + Level 5.3 Bows
 - Level 2.4 Dodging
 - Level 1.2 Stealth


You had 2 spell levels left.
You didn't know any spells.

Dungeon Overview and Level Annotations

Branches:
Dungeon (2/15)

Altars:

Annotations:
D:2 Natasha


Message History

There is an open door here.
A goblin comes into view. It is wielding a dagger.
The goblin shouts!
You hear an angry hiss.
Found 2 scrolls labeled OSUOCHY POFAPPI.
Natasha, Servant of Life and Death comes into view.
Natasha hisses angrily.
The goblin hits you with a dagger.
You see here 12 gold pieces.
You hit the goblin. Lightning courses through the goblin!
You kill the goblin!
Natasha casts a spell.
You see here a dagger.
You see here 12 gold pieces.
The white imp gestures at you. The puff of frost hits you!
Ouch! That really hurt!
The white imp gestures at you. The puff of frost hits you!
Ouch! That really hurt!
You die...

▒▒▒▒▒▒▒▒▒▒ ▒·········
▒▒▒▒▒▒▒'▒▒▒▒▒▒▒·
▒··········▒ ▒· ▒··········▒
▒·
▒▒▒▒▒▒▒▒▒▒▒▒▒··········▒▒▒▒·
·······5$··@·············>▒·
▒·······h▒▒▒▒▒·▒▒▒▒▒▒·▒▒▒·▒·
▒········▒ ▒···▒▒▒▒▒▒·▒▒▒·▒·
▒·······▒▒ ▒·▒·▒▒·······▒·▒▒
▒·······▒ ▒·······▒▒·····▒▒
'······?▒ ▒ ▒▒≈···▒▒▒▒·)···
▒·······▒ ▒≈≈≈··▒▒▒▒▒▒▒(
╬···?···▒ ≈≈≈≈P·······▒·
≈≈≈PPP···▒▒·▒·


You could see Natasha and a white imp.

Vanquished Creatures
  A gnoll (D:1)
  An adder (D:2)
  An ooze (D:1)
  4 dart slugs
  3 giant cockroaches (D:1)
  4 goblins
  3 hobgoblins
  9 kobolds
  A ball python (D:2)
  6 bats
  2 frilled lizards (D:1)
  2 rats (D:2)
37 creatures vanquished.

Notes
Turn   | Place    | Note
-------+----------+-------------------------------------------
     0 | D:1      | Azzok the Deep Elf Hunter began the quest for the Orb.
     0 | D:1      | Reached XP level 1. HP: 12/12 MP: 3/3
   468 | D:1      | Reached XP level 2. HP: 6/17 MP: 4/4
  1480 | D:1      | Reached skill level 5 in Bows
  1480 | D:1      | Reached XP level 3. HP: 17/22 MP: 5/5
  1969 | D:2      | Noticed Natasha
  1975 | D:2      | Killed from afar by a white imp

Vault maps used:
D:1:      dpeg_arrival_tiny_g
D:2:      nicolae_overflow_crystal_walls, chequers_big_river, tso_altar,
          uniq_natasha

Skill      XL: |  1  2 |
---------------+-------+-----
Fighting       | 2 |  2.7
Bows           | 5 |  5.3
Dodging        | |  2.4
Stealth        | |  1.2

Action                   || total
-------------------------++-------
Melee: Short sword       ||    75
       Dagger            ||    39
 Fire: Shortbow          ||     9
 Stab: Sleeping          ||     1
  Eat: Chunk             ||     3
Armor: Leather armour    ||    13
       Ring mail         ||    35
Dodge: Dodged            ||    66

Table legend:
 A = Spawn XP
 B = Non-spawn XP
 C = Spawn XP percentage of total XP
 D = Spawn monster count
 E = Non-spawn monster count
 F = Spawn count percentage of total count
 G = Total turns spent on level
                    A         B        C        D         E        F      G
               +---------+---------+-------+---------+---------+-------+---------
         Total |       0 |      95 |   0.0 |       0 |      37 |   0.0 |  1975
               +---------+---------+-------+---------+---------+-------+---------
           D:1 |       0 |      64 |   0.0 |       0 |      25 |   0.0 |  1827
           D:2 |       0 |      31 |   0.0 |       0 |      12 |   0.0 |   148
               +---------+---------+-------+---------+---------+-------+---------
